 Dungeon Crawl Stone Soup version 0.25-a0-804-g50c693f418 (webtiles) character file.

Game seed: 5143422078128088598, levelgen mode: deterministic

1142 Esekla the Gusty (level 8, -3/44 HPs)
             Began as a Tengu Venom Mage on Apr 19, 2020.
             Slain by Pikel
             ... wielding a +1 whip of flaming
              (6 damage)
             ... on level 5 of the Dungeon.
             The game lasted 00:34:23 (5406 turns).

Esekla the Gusty (Tengu Venom Mage)                 Turns: 5406, Time: 00:34:24

Health: -3/44      AC:  3    Str:  9    XL:     8   Next: 37%
Magic:  4/16       EV: 14    Int: 18    God:
Gold:   305        SH:  2    Dex: 14    Spells: 7/16 levels left

rFire    . . .     SeeInvis .   q - +2 dagger (protect)
rCold    . . .     Gourm    .   (no shield)
rNeg     . . .     Faith    .   a - +1 robe
rPois    .         Spirit   .   (helmet restricted)
rElec    .         Reflect  +   (no cloak)
rCorr    .         Harm     .   (no gloves)
MR       .....                  (boots unavailable)
Stlth    ++........             x - +2 amulet of reflection
HPRegen  0.14/turn              (no ring)
MPRegen  0.15/turn              m - ring of wizardry

@: hasted, very quick
A: beak, talons 3, able to fly
a: Fly


You were on level 5 of the Dungeon.
You were near starving.

You visited 1 branch of the dungeon, and saw 6 of its levels.

You collected 305 gold pieces.

Inventory:

Hand Weapons
 g - a +1 rapier
 q - a +2 dagger of protection (weapon)
 r - a +0 falchion
Missiles
 l - 27 poisoned darts (quivered)
Armour
 a - a +1 robe (worn)
Jewellery
 k - an uncursed ring of teleportation
 m - a ring of wizardry (right hand)
 x - a +2 amulet of reflection (around neck)
 C - an uncursed amulet of faith
Wands
 u - a wand of flame (18)
 B - a wand of clouds (6)
Scrolls
 d - 3 scrolls of teleportation
 e - a scroll of enchant weapon
 f - 5 scrolls of enchant armour
 n - 5 scrolls of remove curse
 p - a scroll of fog {unknown}
 s - a scroll of blinking {unknown}
 t - 2 scrolls of amnesia {unknown}
 w - a scroll of fear {unknown}
 y - a scroll of identify
 A - 3 scrolls of immolation {unknown}
Potions
 b - a potion of curing
 h - 4 potions of stabbing
 i - 3 potions of haste
 j - 2 potions of berserk rage {unknown}
 o - a potion of ambrosia {unknown}
 v - a potion of brilliance {unknown}
 z - 2 potions of magic {unknown}
Comestibles
 c - 8 rations


   Skills:
 + Level 2.1 Fighting
 * Level 4.8 Short Blades
 + Level 0.6 Throwing
 + Level 3.6 Dodging
 - Level 2.0 Stealth
 * Level 4.7 Spellcasting
 * Level 3.7 Conjurations
 * Level 0.7 Transmutations
 * Level 2.0 Fire Magic
 + Level 5.5 Air Magic
 + Level 3.0 Poison Magic


You had 7 spell levels left.
You knew the following spells:

 Your Spells              Type           Power        Failure   Level  Hunger
a - Sting                 Tmut/Pois      ##..         2%          1    None
b - Ignite Poison         Fire/Tmut/Pois ##......     8%          3    ###....
c - Mephitic Cloud        Conj/Pois/Air  ###.....     3%          3    ###....
v - Poisonous Vapours     Pois/Air       ###...       1%          2    #......

Your spell library contained the following spells:

 Spells                   Type           Power        Failure   Level  Hunger
 Olgreb's Toxic Radiance  Pois           ###.....     16%         4    ####...


Dungeon Overview and Level Annotations

Branches:
Dungeon (6/15)
 Temple: D:4-7

Altars:
Nemelex Xobeh

Annotations:
D:3 1 runed translucent door, Crazy Yiuf
D:5 Pikel
D:6 Grinder


Innate Abilities, Weirdness & Mutations

You have a beak for a mouth.
You have claws for feet.
You can fly continuously.


Message History

Pikel is poisoned.
Pikel hits you but does no damage.
Casting: Poisonous Vapours (safe; 1% risk of failure)
Confirm with . or Enter, or press ? or * to list all spells.
Aiming: Poisonous Vapours (safe; 1% risk of failure)
Press: ? - help, Dir - move target cursor, f/p - Pikel
Aim: Pikel, wielding a +1 whip of flaming and wearing a +0 robe (lightly wounded, poisoned) Poisonous vapours surround Pikel!
You are near starving!
The slave hits you.
* * * LOW HITPOINT WARNING * * *
Pikel is engulfed in poison gas.
Pikel looks even sicker.
Pikel hits you with a +1 whip of flaming.
* * * LOW HITPOINT WARNING * * *
Pikel burns you.
* * * LOW HITPOINT WARNING * * *
The slave hits you.
* * * LOW HITPOINT WARNING * * *
It was a potion of haste.
You feel yourself speed up.
Pikel hits you with a +1 whip of flaming.
You die...

...######..................
....'...#..................
....#...#..........########
....#...#..........#
....#...#..........#
....#...#..........#
+####.###..........##########
...##.######....K...........#
...........#....@p..........#
...........#................#
...........#................#
...........#................#
...........#.......##########
...........#.......#
#+###.##...#.......#
....########.......# ....#
#.......#


You could see Pikel and a slave.

Vanquished Creatures
  A water moccasin (D:3)
  2 slaves (D:5)
  A centaur (D:5)
  2 bullfrogs (D:6)
  A scorpion (D:5)
  A water moccasin skeleton (D:4)
  3 crimson imps (D:5)
  3 hounds
  2 centaur skeletons (D:4)
  An orc priest (D:3)
  A gnoll shaman (D:6)
  Ijyb (D:4)
  Terence (D:3)
  Natasha (twice) (D:4)
  5 worker ants
  Robin (D:3)
  5 gnolls
  5 adders
  A shadow imp (D:5)
  An ooze (D:3)
  4 worms
  3 dart slugs
  3 orcs
  A ball python (D:3)
  10 bats
  5 giant cockroaches
  12 goblins
  6 hobgoblins
  3 quokkas
  A ball python skeleton (D:4)
  6 frilled lizards
  A jackal skeleton (D:4)
  8 kobolds
  7 rats
  A fungus (D:3)
111 creatures vanquished.

Notes
Turn   | Place    | Note
-------+----------+-------------------------------------------
     0 | D:1      | Esekla the Tengu Venom Mage began the quest for the Orb.
     0 | D:1      | Reached XP level 1. HP: 10/10 MP: 4/4
   286 | D:1      | Reached XP level 2. HP: 16/16 MP: 6/6
   315 | D:1      | Learned a level 2 spell: Poisonous Vapours
   758 | D:1      | Reached skill level 1 in Fighting
  1008 | D:2      | Reached XP level 3. HP: 20/20 MP: 4/7
  1081 | D:2      | Reached skill level 1 in Short Blades
  1081 | D:2      | Reached skill level 1 in Air Magic
  1317 | D:2      | Learned a level 3 spell: Mephitic Cloud
  1489 | D:2      | Reached XP level 4. HP: 19/25 MP: 9/9
  1685 | D:1      | You fall into a shaft and drop 1 floor!
  1844 | D:2      | Found a sparkling altar of Nemelex Xobeh.
  1858 | D:2      | Reached skill level 1 in Conjurations
  2478 | D:3      | Reached skill level 2 in Air Magic
  2478 | D:3      | Gained mutation: You can fly continuously. [Tengu growth]
  2478 | D:3      | Reached XP level 5. HP: 21/29 MP: 2/10
  2512 | D:3      | Noticed Robin
  2966 | D:3      | Noticed Terence
  2984 | D:3      | Killed Terence
  3048 | D:3      | Killed Robin
  3202 | D:3      | Found a runed translucent door.
  3203 | D:3      | Noticed Crazy Yiuf
  3223 | D:3      | Noticed a water moccasin
  3232 | D:3      | Learned a level 3 spell: Ignite Poison
  3250 | D:3      | Killed a water moccasin
  3250 | D:3      | Reached skill level 3 in Air Magic
  3250 | D:3      | Reached XP level 6. HP: 19/34 MP: 6/12
  3600 | D:4      | Noticed Natasha
  3714 | D:4      | Killed Natasha
  3809 | D:4      | Reached XP level 7. HP: 36/39 MP: 9/13
  3912 | D:4      | Noticed Ijyb
  3921 | D:4      | Killed Ijyb
  3955 | D:4      | Noticed Natasha
  3962 | D:4      | Killed Natasha
  4142 | D:5      | Entered Level 5 of the Dungeon
  4214 | D:5      | Reached skill level 4 in Air Magic
  4436 | D:5      | Reached skill level 1 in Fire Magic
  4858 | D:6      | Reached XP level 8. HP: 30/44 MP: 6/15
  4866 | D:6      | Noticed Grinder
  4871 | D:6      | Reached skill level 5 in Air Magic
  5374 | D:5      | Noticed Pikel
  5404 | D:5      | HP: 2/44 [slave[Pikel] (2)]
  5406 | D:5      | Slain by Pikel

Levels and vault maps discovered:
D:1:      saegor_arrival_simple_b, layout_basic, ebering_dispersal_statue_hall
D:2:      layout_loops_ring, nemelex_xobeh_ov_fountains_minmay, hex_tiny
D:3:      layout_basic, first_ration, uniq_crazy_yiuf_cottage, uniq_terence,
          uniq_robin
D:4:      minmay_angry_zag, layout_basic, uniq_natasha, uniq_ijyb
D:5:      layout_gridville, uniq_pikel
D:6:      layout_loops_ring, minmay_temple_entry_mist,
          nicolae_underground_beach, uniq_grinder

Skill      XL: |  1  2  3  4  5  6  7  8 |
---------------+-------------------------+-----
Fighting       | 1 2 |  2.1
Short Blades   | 1 2 3 4 |  4.8
Air Magic      | 1 2 3 4 5 |  5.5
Conjurations   | 1 2 3 |  3.7
Spellcasting   | 3 4 |  4.7
Dodging        | 3 |  3.6
Fire Magic     | 1 2 |  2.0
Throwing       | |  0.6
Stealth        | |  2.0
Transmutations | |  0.7
Poison Magic   | |  3.0

Action                   |  1- 3 |  4- 6 |  7- 9 || total
-------------------------+-------+-------+-------++-------
Melee: Short sword       |    44 |       |       ||    44
       Kick              |    11 |    26 |    57 ||    94
       Peck              |     4 |    20 |    25 ||    49
       Rapier            |    14 |    49 |       ||    63
       Dagger            |       |    65 |   225 ||   290
Throw: Dart              |       |     6 |     1 ||     7
 Cast: Sting             |     2 |       |       ||     2
       Poisonous Vapours |    20 |    25 |    31 ||    76
       Mephitic Cloud    |       |     3 |     5 ||     8
       Ignite Poison     |       |       |     1 ||     1
  Use: Scroll            |       |     7 |       ||     7
       Potion            |       |       |     1 ||     1
 Stab: Sleeping          |     3 |     3 |     1 ||     7
       Confused          |       |       |     1 ||     1
  Eat: Chunk             |     3 |     7 |     7 ||    17
Armor: Robe              |    15 |    40 |    55 ||   110
Dodge: Dodged            |    38 |    83 |   119 ||   240
Block: Other             |       |       |     6 ||     6

Table legend:
 A = Non-vault XP
 B = Vault XP
 C = Vault XP percentage of total XP
 D = Non-vault monster count
 E = Vault monster count
 F = Vault count percentage of total count
                 A         B        C        D         E       F
            +---------+---------+-------+---------+---------+-------
      Total |    1456 |     176 |  10.8 |      91 |      17 |  15.7
            +---------+---------+-------+---------+---------+-------
        D:1 |      34 |       0 |   0.0 |      19 |       0 |   0.0
        D:2 |      90 |       4 |   4.3 |      27 |       2 |   6.9
        D:3 |     261 |      68 |  20.7 |      15 |      11 |  42.3
        D:4 |     262 |     104 |  28.4 |       7 |       4 |  36.4
        D:5 |     501 |       0 |   0.0 |      16 |       0 |   0.0
        D:6 |     308 |       0 |   0.0 |       7 |       0 |   0.0
            +---------+---------+-------+---------+---------+-------
